 Dungeon Crawl Stone Soup version 0.27.1-2-g3b301248ec (webtiles) character file.

Game seed: 10805976430309473787

812 MajorAdolf the Chiller (level 7, 0/61 HPs)
             Began as a Naga Wanderer on Sept 25, 2021.
             Killed by nerve-wracking pain
             ... invoked by Grinder
              (7 damage)
             ... in a sewer.
             The game lasted 00:12:51 (8200 turns).

MajorAdolf the Chiller (Naga Wanderer)              Turns: 8200, Time: 00:12:52

Health: 0/61       AC:  5    Str: 15    XL:     7   Next: 93%
Magic:  8/14       EV:  9    Int: 19    God:
Gold:   162        SH:  0    Dex: 11    Spells: 9/15 levels left

rFire    . . .     SeeInvis +   t - staff of fire
rCold    + . .     Faith    .   (no shield)
rNeg     . . .     Spirit   .   d - +0 robe
rPois    +         Reflect  .   j - +0 helmet
rElec    .         Harm     .   (no cloak)
rCorr    .         Rampage  .   l - +0 pair of gloves
Will     .....                  (no barding)
Stlth    ++........             (no amulet)
HPRegen  0.20/turn              m - +6 ring of intelligence
MPRegen  0.14/turn              p - ring of ice

@: very slow
A: AC +2, large, see invisible, deformed body, poison resistance, slowness 2,
spit poison 1, naga tail 1
a: Spit Poison


You were in a sewer.
You visited 1 branch of the dungeon, and saw 4 of its levels.
You also visited: Sewer.

You collected 162 gold pieces.

Inventory:

Hand Weapons
 a - a +2 shortbow
 f - a +0 short sword of holy wrath
 h - a +0 dagger of freezing
 u - a +1 rapier of venom
Missiles
 b - 40 arrows
Armour
 d - a +0 robe (worn)
 j - a +0 helmet (worn)
 l - a +0 pair of gloves (worn)
Magical Staves
 t - a staff of fire (weapon)
 x - a staff of poison
Jewellery
 m - a +6 ring of intelligence (left hand)
 p - a ring of ice (right hand)
Wands
 s - a wand of flame (7)
Scrolls
 n - a scroll of blinking
 r - a scroll of noise
Potions
 c - a potion of curing
 g - a potion of magic {unknown}
 i - a potion of berserk rage {unknown}
 k - a potion of ambrosia {unknown}
 o - 2 potions of attraction {unknown}
 v - a potion of might {unknown}
 w - a potion of mutation {unknown}


   Skills:
 + Level 2.3 Fighting
 + Level 1.5 Short Blades
 - Level 2.6 Bows
 - Level 1.0 Throwing
 - Level 1.0 Armour
 + Level 3.8 Stealth
 + Level 4.7 Spellcasting
 + Level 1.5 Hexes
 - Level 1.0 Summonings
 + Level 4.8 Ice Magic
 - Level 2.0 Air Magic


You had 9 spell levels left.
You knew the following spells:

 Your Spells              Type           Power      Damage    Failure   Level
a - Freeze                Ice            100%       1d11      1%          1
b - Frozen Ramparts       Ice            68%        1d8       5%          3
c - Ensorcelled Hibernat  Hex/Ice        48%        N/A       5%          2

Your spell library contained the following spells:

 Spells                   Type           Power      Damage    Failure   Level
 Spider Form              Tmut/Pois      2%         N/A       36%         3
 Animate Armour           Summ/Erth      12%        N/A       71%         4
 Olgreb's Toxic Radiance  Pois           4%         N/A       77%         4
 Blade Hands              Tmut           2%         N/A       98%         5
 Iron Shot                Conj/Erth      2%         9d2       100%        6
 Shadow Creatures         Summ           N/A        N/A       100%        6
 Ozocubu's Refrigeration  Ice            17%        4d8       100%        7
 Ignition                 Fire           3%         3d4       100%        8


Dungeon Overview and Level Annotations

Branches:
Dungeon (4/15)             Temple (0/1) D:4           Sewer (1/1)

Altars:

Shops:
D:1 (=   D:2 =

Annotations:
D:4 Eustachio Sewer Grinder


Innate Abilities, Weirdness & Mutations

Your serpentine skin is tough. (AC +2)
You have supernaturally acute eyesight. (SInv)
Armour fits poorly on your strangely shaped body.
Your system is resistant to poisons. (rPois)
You cover ground very slowly.
You can spit poison.
You have a snake-like lower body.


Message History

Unknown command.
Unknown command.
The frozen ramparts melt away as you move.
A kobold comes into view. It is wielding a +0 dagger.
The kobold shouts!
A kobold comes into view. It is wielding a +0 whip.
Things that are here:
a +0 short sword of holy wrath; a kobold corpse Unknown command.
f - a +0 short sword of holy wrath
Okay, then.
Okay, then.
As you read the scroll of teleportation, it crumbles to dust.
You feel strangely unstable. Grinder gestures at you.
You suddenly lose the ability to move!
Grinder hits you.
* * * LOW HITPOINT WARNING * * *
Grinder says, "Tell me all your secrets, or I'll kill you."
Grinder hits you.
* * * LOW HITPOINT WARNING * * *
You writhe in agony.
* * * LOW HITPOINT WARNING * * *
The kobold hits you with a +0 dagger.
* * * LOW HITPOINT WARNING * * *
Your surroundings suddenly seem different.
A phantom comes into view.
You can move again.
Okay, then.
Found a ring mail, 15 gold pieces and 20 bolts.
There is an open gate here.
Found a scroll labelled WEITYO ESHO.
You close the gate.
Found a gate leading back out of this place.
A phantom opens the gate.
Grinder blinks!
Grinder gestures at you. You resist with some effort. Grinder gestures at you.
Pain shoots through your body!
You die...

K..≈# ≈...≈# ##'''##
#########.....#####
##≈5≈≈≈≈#K.⌠.⌠..#≈≈≈
###(......'.......'...
#∩?$......K.⌠._.⌠.'...
#[..@..W'.......'..
##≈≈≈≈≈≈#...⌠...#≈
##########...###
#############K####
#≈≈≈#≈≈≈≈≈≈#†).#≈≈≈
#≈≈≈≈≈≈≈≈≈K.)...≈≈≈.
#≈≈.#.....5#...#....
#≈≈≈#'#######≈#######'
#≈≈≈#......#≈≈≈#......


You could see Grinder, a phantom and 2 kobolds.

Vanquished Creatures
  Sigmund (D:2)
  Menkaure (D:4)
  A necrophage (D:4)
  A kobold brigand (Sewer)
  A scorpion (D:4)
  A hound (D:3)
  Natasha (D:3)
  Robin (D:1)
  9 adders
  4 shadow imps (Sewer)
  2 ufetubi (Sewer)
  5 worms
  A dart slug (D:1)
  5 orcs
  12 ball pythons
  7 endoplasms
  8 giant cockroaches
  7 hobgoblins
  5 jackals
  16 kobolds
  3 quokkas
  12 bats
  A frilled lizard (D:1)
  16 goblins
  A quokka skeleton (D:4)
  5 rats
127 creatures vanquished.

Notes
Turn   | Place    | Note
-------+----------+-------------------------------------------
     0 | D:1      | MajorAdolf the Naga Wanderer began the quest for the Orb.
     0 | D:1      | MajorAdolf set off with the following items: a +2 shortbow,
                  | 28 arrows, a potion of curing, a +0 robe; and the following
                  | spell memorised: Freeze; and the following spells available
                  | to memorise: Frozen Ramparts
     0 | D:1      | Reached XP level 1. HP: 18/18 MP: 1/1
   136 | D:1      | Reached skill level 1 in Ice Magic
   136 | D:1      | Reached XP level 2. HP: 12/25 MP: 3/3
   326 | D:1      | Reached skill level 1 in Spellcasting
   436 | D:1      | Found Liwneuts's Jewellery Emporium.
  1009 | D:1      | Found Diblod's Weapon Emporium.
  1119 | D:1      | Reached XP level 3. HP: 29/31 MP: 2/5
  1123 | D:1      | Learned a level 3 spell: Frozen Ramparts
  1772 | D:2      | Noticed a great orb of eyes
  1779 | D:2      | Found a faded altar of an unknown god.
  1784 | D:2      | Noticed an eye of devastation
  1788 | D:2      | Noticed an eye of devastation
  1793 | D:2      | Noticed a golden eye
  2094 | D:2      | Noticed Sigmund
  2181 | D:1      | Reached XP level 4. HP: 18/38 MP: 0/7
  2519 | D:2      | Noticed Robin
  3014 | D:1      | Killed Robin
  5126 | D:2      | Killed Sigmund
  5127 | D:2      | Reached XP level 5. HP: 22/44 MP: 3/10
  5127 | D:2      | Reached XP level 6. HP: 26/51 MP: 3/11
  5311 | D:2      | Found Lolill's Jewellery Shop.
  6204 | D:3      | Noticed Natasha
  6241 | D:3      | Killed Natasha
  7104 | D:4      | Noticed a necrophage
  7113 | D:4      | Killed a necrophage
  7114 | D:4      | Reached XP level 7. HP: 34/57 MP: 8/13
  7134 | D:4      | Found a staircase to the Ecumenical Temple.
  7176 | D:4      | Learned a level 2 spell: Ensorcelled Hibernation
  7203 | D:4      | Noticed Menkaure
  7557 | D:4      | Noticed Eustachio
  7644 | D:4      | Killed Menkaure
  7645 | D:4      | Reached skill level 1 in Short Blades
  7645 | D:4      | Reached skill level 1 in Hexes
  7666 | D:4      | Found a glowing drain.
  7680 | Sewer    | Entered a sewer
  8158 | Sewer    | Found an ancient bone altar of Kikubaaqudgha.
  8174 | Sewer    | Noticed Grinder
  8188 | Sewer    | Paralysed by Grinder for 5 turns
  8200 | Sewer    | Killed from afar by Grinder

Illustrated notes

Levels and vault maps discovered:
D:1:      roderic_chinese_lattice_arrival, layout_loops_ring, serial_shops,
          nicolae_lakefront_shop, shop_fountains, skrybe_limestone_x,
          minmay_misc_feat_room
D:2:      layout_rooms, serial_shops, shop,
          hellmonk_ecumenical_altar_watching_god, uniq_sigmund, uniq_robin
D:3:      minmay_inner_zag, layout_basic, uniq_natasha
D:4:      cheibrodos_pilgrimage, layout_basic, minmay_temple_entry_offerings,
          gup_sewer_entry_pipe, uniq_eustachio, uniq_menkaure
Sewer:    kennysheep_sewer_church

Skill      XL: |  1  2  3  4  5  6  7 |
---------------+----------------------+-----
Ice Magic      | 1 2 3 4 |  4.8
Spellcasting   | 1 2 3 4 |  4.7
Stealth        | 2 3 |  3.8
Fighting       | 2 |  2.3
Short Blades   | 1 |  1.5
Hexes          | 1 |  1.5
Bows           | |  2.6
Throwing       | |  1.0
Armour         | |  1.0
Summonings     | |  1.0
Air Magic      | |  2.0

Action                   |  1- 3 |  4- 6 |  7- 9 || total
-------------------------+-------+-------+-------++-------
Melee: Unarmed           |    13 |       |       ||    13
       Dagger            |     7 |    22 |       ||    29
       Staff             |       |     5 |    58 ||    63
 Fire: Shortbow          |     6 |       |       ||     6
 Cast: Freeze            |    45 |   103 |     7 ||   155
       Frozen Ramparts   |       |     5 |    14 ||    19
 Abil: Spit Poison       |    20 |     6 |     3 ||    29
Evoke: Wand              |       |       |     4 ||     4
  Use: Scroll            |       |       |     5 ||     5
 Stab: Sleeping          |     1 |       |     1 ||     2
Armor: Robe              |    19 |    34 |    33 ||    86
Dodge: Dodged            |    64 |    58 |    47 ||   169
